AoeStats
← SirEscara19

Arena

510324599Analyzed
1v1 RM · 2d ago on Sep 30, 2026· 51m 48s· 2 players
Game mode
Random Map
Map size
Tiny (2 player)
Population
200
Speed
Normal
Resources
Standard
Victory
Conquest
Starting age
Dark Age
Ending age
Imperial Age
RankedLock teamsTeams togetherTeam positionsShared explorationLock speedFull tech treeHidden civsTurbo modeCheats
Victory
Defeat
🇺🇾 Byzantines · Uruguay
786
+19
🇮🇹 Khmer · Italy
845
-19
SirEscara19
10:36 Loom
12:49 Feudal Age
14:05 Wheelbarrow
13:18 Double-Bit Axe
18:54 Castle Age
17:01 Stone Mining
20:14 Bow Saw
21:33 Fortified Wall
21:20 Treadmill Crane
26:13 Murder Holes
26:27 Gold Mining
30:19 Hand Cart
30:58 Horse Collar
38:05 Imperial Age
37:03 Gold Shaft Mining
40:09 Chemistry
40:38 Conscription
41:46 Two-Man Saw
42:12 Stone Shaft Mining
42:03 Ballistics
43:35 Hoardings
46:07 Heavy Plow
46:11 Padded Archer Armor
46:01 Fletching
46:22 Forging
46:12 Scale Mail Armor
48:29 Light Cavalry
49:58 Scale Barding Armor
50:08 Chain Mail Armor
49:42 Hussar
51:02 Iron Casting
52:07 Chain Barding Armor
ilLobotomo
7:24 Loom
14:07 Feudal Age
16:48 Castle Age
15:27 Wheelbarrow
14:35 Horse Collar
14:42 Double-Bit Axe
20:36 Bow Saw
30:06 Pikeman
30:56 Town Watch
42:38 Bloodlines
42:29 Husbandry
50:14 Light Cavalry
Connection lost

Rejoining the realm…

Still unreachable

The connection could not be restored.

Session expired

The server has moved on; the page needs a fresh start.